 Dungeon Crawl Stone Soup version 0.29-a0-676-ga64570c9d2 (webtiles) character file.

Game seed: 15819974585899190246

11 Newt the Skirmisher (level 2, -2/24 HPs)
             Began as a Demonspawn Abyssal Knight on June 24, 2022.
             Was a Follower of Lugonu.
             Slain by a gnoll
             ... wielding a +0 halberd
              (12 damage)
             ... on level 2 of the Dungeon.
             The game lasted 00:01:14 (696 turns).

Newt the Skirmisher (Demonspawn Abyssal Knight)      Turns: 696, Time: 00:01:16

Health: -2/24      AC:  6    Str: 13    XL:     2   Next: 17%
Magic:  3/3        EV: 11    Int: 11    God:    Lugonu [*.....]
Gold:   45         SH:  0    Dex: 13    Spells: 1/1 levels left

rFire   . . .      SeeInvis .   a - +1 mace
rCold   . . .      Faith    .   (no shield)
rNeg    . . .      Spirit   .   b - +0 leather armour
rPois   .          Reflect  .   (no helmet)
rElec   .          Harm     .   (no cloak)
rCorr   .          Rampage  .   (no gloves)
Will    .....                   e - +0 pair of boots
Stlth   +.........              (no amulet)
HPRegen 0.08/turn               (no ring)
MPRegen 0.08/turn               (no ring)

@: no status effects
A: icy blue scales 1
a: Renounce Religion, Depart the Abyss


You were on level 2 of the Dungeon.
You worshipped Lugonu.
Lugonu was aware of your devotion.
You visited 1 branch of the dungeon, and saw 2 of its levels.
You visited the Abyss 1 time.

You collected 45 gold pieces.

Inventory:

Hand Weapons
 a - a +1 mace (weapon)
Armour
 b - a +0 leather armour (worn)
 e - a +0 pair of boots (worn)
Jewellery
 g - the ring of Zyjoarerr {rF++ rC- Will+ MP+9 Dex+5}
   (You found it on level 2 of the Dungeon)

   [ring of magical power]

   Dex:       It affects your dexterity (+5).
   rF:        It greatly protects you from fire.
   rC:        It makes you vulnerable to cold.
   MP:        It affects your magic capacity (+9).
   Will:      It increases your willpower.
Scrolls
 c - a scroll of immolation {unknown}
 d - a scroll of torment {unknown}
 f - 2 scrolls of identify {unknown}


   Skills:
 + Level 3.3 Fighting
 + Level 2.1 Maces & Flails
 + Level 1.8 Armour
 + Level 0.8 Dodging
 + Level 2.6 Invocations


You had one spell level left.
You didn't know any spells.
Your spell library contained the following spells:

 Spells                   Type           Power      Damage    Failure   Level
 Static Discharge         Conj/Air       0%         N/A       56%         2
 Lightning Bolt           Conj/Air       0%         1d11      100%        5
 Maxwell's Capacitive Co  Air            0%         ∞         100%        8


Dungeon Overview and Level Annotations

Branches:
Dungeon (2/15)

Altars:


Innate Abilities, Weirdness & Mutations

You are partially covered in icy blue scales. (AC +2)


Message History

The kobold shouts!
You hit the kobold.
The kobold is severely wounded.
The kobold hits you with a +0 club.
You hit the kobold.
You kill the kobold!
Lugonu accepts your kill.
No target in view!
Things that are here:
a +0 club; a kobold corpse
f - 2 scrolls labelled ZOEGOY TUNWING (gained 1) Done exploring.
Done exploring.
There is a stone staircase leading down here.
You climb downwards.
Found a spear and a twitching glass ring.
There is a stone staircase leading up here. 2 gnolls come into view.
Found a stone staircase leading down.
The gnoll shouts! x2
You hit the rat.
You kill the rat!
Lugonu accepts your kill.
The gnoll hits you from afar with a +0 halberd.
The gnoll closely misses you.
You see here the ring of Zyjoarerr {rF++ rC- Will+ MP+9 Dex+5}.
g - the ring of Zyjoarerr {rF++ rC- Will+ MP+9 Dex+5} The gnoll barely misses you.
The gnoll closely misses you. The gnoll hits you with a +0 flail.
You barely miss the gnoll. The gnoll misses you.
You hit the gnoll but do no damage. The gnoll closely misses you. x2
You hit the gnoll.
The gnoll is lightly wounded.
The gnoll closely misses you. The gnoll hits you with a +0 flail.
The gnoll closely misses you. The gnoll hits you with a +0 flail.
You hit the gnoll.
The gnoll is moderately wounded.
The gnoll hits you from afar with a +0 halberd!
Ouch! That really hurt!
You die...

#.# ##.# ...
#.### ....#
###.###.#.#
........#@#
###.##<#g###.#.#
......)..gg.....#
........#†###.###
.####.#.#...
#...#.....
##..#.#####
#..#.# ##.#..


You could see 3 gnolls.

Vanquished Creatures
  A bat (D:1)
  An endoplasm (D:1)
  A giant cockroach (D:1)
  A goblin (D:1)
  A hobgoblin (D:1)
  3 kobolds (D:1)
  A ball python (D:1)
  A rat (D:2)
10 creatures vanquished.

Notes
Turn   | Place    | Note
-------+----------+-------------------------------------------
     0 | Abyss:1  | Newt the Demonspawn Abyssal Knight began the quest for the
                  | Orb.
     0 | Abyss:1  | Reached XP level 1. HP: 18/18 MP: 2/2
    39 | Abyss:1  | Found an iron altar of Okawaru.
    50 | Abyss:1  | Noticed a golden eye
    63 | Abyss:1  | Noticed a chaos spawn
    63 | Abyss:1  | Noticed a large abomination
    64 | D:1      | Escaped the Abyss
   123 | D:1      | Found a faded altar of an unknown god.
   419 | D:1      | Gained mutation: You are partially covered in icy blue
                  | scales. (AC +2) [demonic ancestry]
   419 | D:1      | Reached XP level 2. HP: 24/24 MP: 3/3
   689 | D:2      | Identified the ring of Zyjoarerr {rF++ rC- Will+ MP+9
                  | Dex+5}
   696 | D:2      | Slain by a gnoll

Illustrated notes

Levels and vault maps discovered:
D:1:      saegor_arrival_simple_c, layout_rooms,
          dreamdust_ecumenical_altar_grove, minmay_pentomino_q4
D:2:      layout_basic, basic_altar

Skill      XL: |  1 |
---------------+----+-----
Maces & Flails | 2 |  2.1
Fighting       | |  3.3
Armour         | |  1.8
Dodging        | |  0.8
Invocations    | |  2.6

Action                   || total
-------------------------++-------
Melee: Mace              ||    24
Invok: Depart the Abyss  ||     1
Armor: Leather armour    ||     7
Dodge: Dodged            ||    20

Table legend: (Time is in decaauts)
 A = Elapsed time spent in this place.
 B = Non-inter-level travel time spent in this place.
 C = Inter-level travel time spent in this place.
 D = Time resting spent in this place.
 E = Time spent auto-exploring this place.
 F = Levels seen in this place.
 G = Mean time per level.
                   A        B        C        D        E       F      G
               +--------+--------+--------+--------+--------+-----+--------+
         Total |    702 |    665 |     37 |      0 |    553 |   3 |  234.0 |
       Dungeon |    638 |    601 |     37 |      0 |    505 |   2 |  319.0 |
         Abyss |     64 |     64 |      0 |      0 |     48 |   1 |   64.0 |
               +--------+--------+--------+--------+--------+-----+--------+

Top non-repeatable levels by time:
     D:1: 626 daAuts
 Abyss:1: 64 daAuts
     D:2: 12 daAuts
